| TOP OF THE 1ST |
|
Paris Cubs batting - Pitching for Niagara Falls Phantoms : RHP Aneirin Cadwallader
|
|
Pitching: RHP Aneirin Cadwallader
|
|
|
Batting: RHB Andy Huntley
|
0-0: SINGLE (Flyball, 8LS, EV 93.8 MPH)
|
|
Batting: RHB Leonardo Nava
|
0-0: Fly out, F7 (Flyball, 7D, EV 97.5 MPH)
|
|
Batting: RHB Ricardo Aguinaga
|
0-0: Ball 1-0: Called Strike 1-1: Called Strike 1-2: Strikes out swinging
|
|
Batting: RHB Sam Sours
|
0-0: Ball 1-0: Swinging Strike 1-1: Called Strike 1-2: DOUBLE (Line Drive, 5D, EV 96.3 MPH) Andy Huntley to third Runner from 3rd tries for Home, SAFE, throw by LF to home
|
|
Batting: RHB David Barnard
|
0-0: Swinging Strike 0-1: Fly out, F4 (Flyball, 4D, EV 90.0 MPH)
|
| Top of the 1st over - 1 run, 2 hits, 0 errors, 1 left on base; Paris 1 - Niagara Falls 0 |
| BOTTOM OF THE 1ST |
|
Niagara Falls Phantoms batting - Pitching for Paris Cubs : RHP Roberto Cruz
|
|
Pitching: RHP Roberto Cruz
|
|
|
Batting: LHB Aaron Joyner
|
0-0: Ball 1-0: Foul Ball, location: 2F 1-1: DOUBLE (Line Drive, 9LS, EV 102.5 MPH) - OUT at third base trying to stretch hit.
|
|
Batting: RHB Devon Utley
|
0-0: Ball 1-0: Ball 2-0: Called Strike 2-1: Called Strike 2-2: Ball 3-2: Foul Ball, location: 2F 3-2: Foul Ball, location: 2F 3-2: Foul Ball, location: 2F 3-2: Base on Balls
|
|
Batting: LHB Jose Lebron
|
0-0: Called Strike 0-1: Ball 1-1: Ball 2-1: Fly out, F5 (Popup, 5SF, EV 80.6 MPH)
|
|
Batting: SHB Mukhtar Wa'il
|
0-0: Called Strike 0-1: Foul Ball, location: 2F 0-2: Ball 1-2: Ball 2-2: Ground out 4-3 (Groundball, 4, EV 96.3 MPH)
|
| Bottom of the 1st over - 0 runs, 1 hit, 0 errors, 1 left on base; Paris 1 - Niagara Falls 0 |
| TOP OF THE 2ND |
|
Paris Cubs batting - Pitching for Niagara Falls Phantoms : RHP Aneirin Cadwallader
|
|
Batting: RHB Jerry Blas
|
0-0: Swinging Strike 0-1: Foul Ball, location: 2F 0-2: Strikes out swinging
|
|
Batting: LHB Adam Conover
|
0-0: Ball 1-0: Hit by Pitch
|
|
Batting: RHB Khalil Stephens
|
0-0: Grounds into double play, 6-4-3 (Groundball, 6, EV 86.9 MPH)
|
| Top of the 2nd over - 0 runs, 0 hits, 0 errors, 0 left on base; Paris 1 - Niagara Falls 0 |
| BOTTOM OF THE 2ND |
|
Niagara Falls Phantoms batting - Pitching for Paris Cubs : RHP Roberto Cruz
|
|
Batting: RHB John Sabean
|
0-0: Ball 1-0: Called Strike 1-1: Ball 2-1: Ball 3-1: Called Strike 3-2: Base on Balls
|
|
Batting: SHB Edwin Dominguez
|
0-0: Ball 1-0: Swinging Strike 1-1: Foul Ball, location: 2F 1-2: Foul Ball, location: 2F 1-2: Ball 2-2: Foul Ball, location: 2F 2-2: Ball 3-2: Base on Balls John Sabean to second
|
|
Batting: RHB Ben Kidder
|
0-0: Ball 1-0: Ball 2-0: SINGLE (Line Drive, 9S, EV 103.8 MPH) John Sabean to third Edwin Dominguez to second
|
|
Batting: RHB John Sprenkel
|
0-0: Called Strike 0-1: Swinging Strike 0-2: Ball 1-2: Ball 2-2: Grounds into double play, 6-4-3 (Groundball, 6, EV 80.6 MPH) John Sabean scores Edwin Dominguez to third
|
|
Batting: RHB Christian Shearer
|
0-0: Called Strike 0-1: Fly out, F9 (Flyball, 9D, EV 103.1 MPH)
|
| Bottom of the 2nd over - 1 run, 1 hit, 0 errors, 1 left on base; Paris 1 - Niagara Falls 1 |
| TOP OF THE 3RD |
|
Paris Cubs batting - Pitching for Niagara Falls Phantoms : RHP Aneirin Cadwallader
|
|
Batting: RHB Jose Sanchez
|
0-0: Called Strike 0-1: Ball 1-1: Foul Ball, location: 2F 1-2: Strikes out swinging
|
|
Batting: RHB Andy Huntley
|
0-0: Foul Ball, location: 2F 0-1: Ball 1-1: Foul Ball, location: 2F 1-2: Foul Ball, location: 2F 1-2: Foul Ball, location: 2F 1-2: Foul Ball, location: 2F 1-2: SINGLE (Line Drive, 34D, EV 95.0 MPH)
|
|
Batting: RHB Leonardo Nava
|
0-0: Called Strike 0-1: Reached on error, E4 (Groundball, 4, EV 87.5 MPH) Andy Huntley to second
|
|
Batting: RHB Ricardo Aguinaga
|
0-0: Grounds into double play, 5-4-3 (Groundball, 56, EV 85.6 MPH)
|
| Top of the 3rd over - 0 runs, 1 hit, 1 error, 1 left on base; Paris 1 - Niagara Falls 1 |
| BOTTOM OF THE 3RD |
|
Niagara Falls Phantoms batting - Pitching for Paris Cubs : RHP Roberto Cruz
|
|
Batting: LHB Aaron Joyner
|
0-0: Foul Ball, location: 2F 0-1: Foul Ball, location: 2F 0-2: Ball 1-2: Ball 2-2: Foul Ball, location: 2F 2-2: Ball 3-2: Foul Ball, location: 2F 3-2: SINGLE (Line Drive, 7LS, EV 92.5 MPH)
|
|
Pitching: LHP Alex Gandarilla
|
|
|
Batting: RHB Devon Utley
|
0-0: Foul Ball, location: 2F 0-1: SINGLE (Line Drive, 6MD, EV 110.0 MPH) Aaron Joyner to second
|
|
Batting: LHB Jose Lebron
|
0-0: Called Strike 0-1: Ball 1-1: Ball 2-1: Foul Ball, location: 2F 2-2: Ball 3-2: Fly out, F7 (Flyball, 7LM, EV 91.9 MPH)
|
|
Batting: SHB Mukhtar Wa'il
|
0-0: Foul Ball, location: 2F 0-1: Ball 1-1: Called Strike 1-2: SINGLE (Groundball, 56D, EV 98.8 MPH) Aaron Joyner to third Devon Utley to second
|
|
Batting: RHB John Sabean
|
0-0: Ball 1-0: Called Strike 1-1: Foul Ball, location: 2F 1-2: Strikes out swinging
|
|
Batting: SHB Edwin Dominguez
|
0-0: Called Strike 0-1: Swinging Strike 0-2: Strikes out looking
|
| Bottom of the 3rd over - 0 runs, 3 hits, 0 errors, 3 left on base; Paris 1 - Niagara Falls 1 |
| TOP OF THE 4TH |
|
Paris Cubs batting - Pitching for Niagara Falls Phantoms : RHP Aneirin Cadwallader
|
|
Batting: RHB Sam Sours
|
0-0: Ball 1-0: Fly out, F8 (Flyball, 8LXD, EV 94.4 MPH)
|
|
Batting: RHB David Barnard
|
0-0: SINGLE (Groundball, 6, EV 94.4 MPH)
|
|
Batting: RHB Jerry Blas
|
0-0: Called Strike 0-1: Foul Ball, location: 2F 0-2: Ball 1-2: Foul Ball, location: 2F 1-2: Strikes out swinging
|
|
Batting: LHB Adam Conover
|
0-0: Called Strike 0-1: Ball David Barnard is caught stealing 2nd base 2-6
|
| Top of the 4th over - 0 runs, 1 hit, 0 errors, 0 left on base; Paris 1 - Niagara Falls 1 |
| BOTTOM OF THE 4TH |
|
Niagara Falls Phantoms batting - Pitching for Paris Cubs : LHP Alex Gandarilla
|
|
Batting: RHB Ben Kidder
|
0-0: Called Strike 0-1: Ground out 4-3 (Groundball, 4, EV 86.3 MPH)
|
|
Batting: RHB John Sprenkel
|
0-0: Ground out 6-3 (Groundball, 56, EV 81.9 MPH)
|
|
Batting: RHB Christian Shearer
|
0-0: SOLO HOME RUN (Flyball, 78XD, EV 111.3 MPH), Distance : 420 ft
|
|
Batting: LHB Aaron Joyner
|
0-0: Ball 1-0: Called Strike 1-1: Ball 2-1: Ball 3-1: Base on Balls
|
|
Batting: RHB Devon Utley
|
0-0: Ball 1-0: Called Strike 1-1: Ball 2-1: Foul Ball, location: 2F 2-2: Ball 3-2: Foul Ball, location: 2F 3-2: Base on Balls Aaron Joyner to second
|
|
Pitching: RHP Bogdan Sdobnyakov
|
|
|
Batting: LHB Jose Lebron
|
0-0: Called Strike 0-1: Ball 1-1: Foul Ball, location: 2F 1-2: Ball 2-2: DOUBLE (Flyball, 89D, EV 106.9 MPH) Aaron Joyner scores Devon Utley to third Runner from 3rd tries for Home, SAFE, throw by CF to trailing runner, OUT at third! 8-3-5
|
| Bottom of the 4th over - 3 runs, 2 hits, 0 errors, 0 left on base; Paris 1 - Niagara Falls 4 |
| TOP OF THE 5TH |
|
Paris Cubs batting - Pitching for Niagara Falls Phantoms : RHP Aneirin Cadwallader
|
|
Batting: LHB Adam Conover
|
0-0: Foul Ball, location: 2F 0-1: Ball 1-1: SINGLE (Flyball, 8LS, EV 85.0 MPH)
|
|
Batting: RHB Khalil Stephens
|
0-0: Swinging Strike 0-1: Ball 1-1: Ball 2-1: Foul Ball, location: 2F 2-2: Fly out, F9 (Flyball, 9LS, EV 91.9 MPH)
|
|
Batting: RHB Jose Sanchez
|
0-0: Swinging Strike 0-1: Ball 1-1: Ball 2-1: Ball 3-1: Base on Balls Adam Conover to second
|
|
Batting: RHB Andy Huntley
|
0-0: Called Strike 0-1: Ball 1-1: Ball 2-1: Foul Ball, location: 2F 2-2: Strikes out swinging
|
|
Batting: RHB Leonardo Nava
|
0-0: Called Strike 0-1: Called Strike 0-2: Fly out, F8 (Line Drive, 8RM, EV 95.6 MPH)
|
| Top of the 5th over - 0 runs, 1 hit, 0 errors, 2 left on base; Paris 1 - Niagara Falls 4 |
| BOTTOM OF THE 5TH |
|
Niagara Falls Phantoms batting - Pitching for Paris Cubs : RHP Bogdan Sdobnyakov
|
|
Batting: SHB Mukhtar Wa'il
|
0-0: Ball 1-0: Called Strike 1-1: Ball 2-1: Ball 3-1: Base on Balls
|
|
Batting: RHB John Sabean
|
0-0: Foul Ball, location: 2F 0-1: Ball 1-1: Fly out, F7 (Flyball, 7, EV 90.6 MPH)
|
|
Batting: SHB Edwin Dominguez
|
0-0: Ball 1-0: Foul Ball, location: 2F 1-1: Ball 2-1: Foul Ball, location: 2F 2-2: Strikes out swinging
|
|
Batting: RHB Ben Kidder
|
0-0: Ball 1-0: Called Strike 1-1: Foul Ball, location: 2F 1-2: Strikes out looking
|
| Bottom of the 5th over - 0 runs, 0 hits, 0 errors, 1 left on base; Paris 1 - Niagara Falls 4 |
| TOP OF THE 6TH |
|
Paris Cubs batting - Pitching for Niagara Falls Phantoms : RHP Aneirin Cadwallader
|
|
Batting: RHB Ricardo Aguinaga
|
0-0: Ball 1-0: Ball 2-0: Ball 3-0: Called Strike 3-1: SINGLE (Line Drive, 6D, EV 103.8 MPH)
|
|
Batting: RHB Sam Sours
|
0-0: Swinging Strike 0-1: Swinging Strike 0-2: Foul Ball, location: 2F 0-2: Foul Ball, location: 2F 0-2: Foul Ball, location: 2F 0-2: Ball 1-2: Foul Ball, location: 2F 1-2: Foul Ball, location: 2F 1-2: Strikes out looking
|
|
Batting: RHB David Barnard
|
0-0: Called Strike 0-1: Ball 1-1: Swinging Strike 1-2: Strikes out swinging
|
|
Pitching: RHP Antonio Castillo
|
|
|
Batting: RHB Jerry Blas
|
0-0: Called Strike 0-1: Ball 1-1: Foul Ball, location: 2F 1-2: Ball 2-2: Ground out 1-3 (Groundball, P, EV 64.4 MPH)
|
| Top of the 6th over - 0 runs, 1 hit, 0 errors, 1 left on base; Paris 1 - Niagara Falls 4 |
| BOTTOM OF THE 6TH |
|
Niagara Falls Phantoms batting - Pitching for Paris Cubs : RHP Bogdan Sdobnyakov
|
|
Batting: RHB John Sprenkel
|
0-0: DOUBLE (Line Drive, 78M, EV 93.8 MPH)
|
|
Batting: RHB Christian Shearer
|
0-0: Called Strike 0-1: Ball 1-1: Ball 2-1: Swinging Strike 2-2: Strikes out swinging
|
|
Batting: LHB Aaron Joyner
|
0-0: Fly out, F9 (Flyball, 9LM, EV 83.8 MPH)
|
|
Batting: RHB Devon Utley
|
0-0: Ball 1-0: Called Strike 1-1: Foul Ball, location: 2F 1-2: Strikes out looking
|
| Bottom of the 6th over - 0 runs, 1 hit, 0 errors, 1 left on base; Paris 1 - Niagara Falls 4 |
| TOP OF THE 7TH |
|
Paris Cubs batting - Pitching for Niagara Falls Phantoms : RHP Antonio Castillo
|
|
Batting: LHB Adam Conover
|
0-0: Ball 1-0: Ground out 5-3 (Groundball, 25, EV 77.5 MPH)
|
|
Batting: RHB Khalil Stephens
|
0-0: Called Strike 0-1: Ball 1-1: Foul Ball, location: 2F 1-2: Ball 2-2: Foul Ball, location: 2F 2-2: Foul Ball, location: 2F 2-2: Foul Ball, location: 2F 2-2: Ball 3-2: Ground out 4-3 (Groundball, 4M, EV 79.4 MPH)
|
|
Batting: RHB Jose Sanchez
|
0-0: Ball 1-0: Called Strike 1-1: Fly out, F7 (Flyball, 7LS, EV 79.4 MPH)
|
| Top of the 7th over - 0 runs, 0 hits, 0 errors, 0 left on base; Paris 1 - Niagara Falls 4 |
| BOTTOM OF THE 7TH |
|
Niagara Falls Phantoms batting - Pitching for Paris Cubs : RHP Bogdan Sdobnyakov
|
|
Pitching: LHP Jose Urena
|
|
|
Batting: LHB Jose Lebron
|
0-0: Called Strike 0-1: Ball 1-1: Called Strike 1-2: Strikes out looking
|
|
Batting: SHB Mukhtar Wa'il
|
0-0: Swinging Strike 0-1: SINGLE (Flyball, 9S, EV 89.4 MPH)
|
|
Batting: RHB John Sabean
|
0-0: Grounds into double play, 6-4-3 (Groundball, 6, EV 90.6 MPH)
|
| Bottom of the 7th over - 0 runs, 1 hit, 0 errors, 0 left on base; Paris 1 - Niagara Falls 4 |
| TOP OF THE 8TH |
|
Paris Cubs batting - Pitching for Niagara Falls Phantoms : RHP Antonio Castillo
|
|
Pitching: RHP Vicente Martinez
|
|
|
Now at 1B: Matt Crane
|
|
|
Batting: RHB Andy Huntley
|
0-0: Swinging Strike 0-1: Foul Ball, location: 2F 0-2: Ball 1-2: Strikes out swinging
|
|
Batting: RHB Leonardo Nava
|
0-0: Ball 1-0: Swinging Strike 1-1: Swinging Strike 1-2: Foul Ball, location: 2F 1-2: Foul Ball, location: 2F 1-2: Ball 2-2: Foul Ball, location: 2F 2-2: SINGLE (Line Drive, 9S, EV 107.5 MPH)
|
|
Batting: RHB Ricardo Aguinaga
|
0-0: Ball 1-0: Fly out, F6 (Popup, P, EV 86.9 MPH)
|
|
Batting: RHB Sam Sours
|
0-0: Called Strike 0-1: Ball 1-1: Foul Ball, location: 2F 1-2: Foul Ball, location: 2F Pickoff Throw to First - Error! E1 Leonardo Nava to second 1-2: Strikes out looking
|
| Top of the 8th over - 0 runs, 1 hit, 1 error, 1 left on base; Paris 1 - Niagara Falls 4 |
| BOTTOM OF THE 8TH |
|
Niagara Falls Phantoms batting - Pitching for Paris Cubs : LHP Jose Urena
|
|
Batting: SHB Edwin Dominguez
|
0-0: Called Strike 0-1: Ball 1-1: Foul Ball, location: 2F 1-2: Ball 2-2: Strikes out swinging
|
|
Batting: RHB Ben Kidder
|
0-0: Called Strike 0-1: Ball 1-1: Called Strike 1-2: Ball 2-2: Strikes out looking
|
|
Batting: RHB John Sprenkel
|
0-0: Ground out 5-3 (Groundball, 56, EV 101.9 MPH)
|
| Bottom of the 8th over - 0 runs, 0 hits, 0 errors, 0 left on base; Paris 1 - Niagara Falls 4 |
| TOP OF THE 9TH |
|
Paris Cubs batting - Pitching for Niagara Falls Phantoms : RHP Vicente Martinez
|
|
Pitching: RHP Ryan Walker
|
|
|
Batting: RHB David Barnard
|
0-0: Ball 1-0: Called Strike 1-1: Called Strike 1-2: Foul Ball, location: 2F 1-2: Strikes out swinging
|
|
Batting: RHB Jerry Blas
|
0-0: Foul Ball, location: 2F 0-1: Swinging Strike 0-2: Strikes out swinging
|
|
Batting: LHB Adam Conover
|
0-0: Ball 1-0: Called Strike 1-1: Foul Ball, location: 2F 1-2: Strikes out swinging, 2-3 out at first.
|
| Top of the 9th over - 0 runs, 0 hits, 0 errors, 0 left on base; Paris 1 - Niagara Falls 4 |
|